 Dungeon Crawl Stone Soup version 0.21.1-1-g345015f (webtiles) character file.

643 manyhoops the Magician (level 7, -1/60 HPs)
             Began as a Gnoll Wanderer on Apr 11, 2018.
             Slain by a centaur zombie (3 damage)
             ... on level 5 of the Dungeon on Apr 13, 2018.
             The game lasted 00:05:42 (4282 turns).

manyhoops the Magician (Gnoll Wanderer)             Turns: 4282, Time: 00:05:43

Health: -1/60      AC:  6    Str: 16    XL:     7   Next: 51%
Magic:  18/18      EV: 13    Int: 14    God:
Gold:   177        SH:  0    Dex: 15    Spells: 21/21 levels left

rFire    . . .     SeeInvis .   c - +0 quarterstaff
rCold    . . .     Gourm    .   (shield currently unavailable)
rNeg     . . .     Faith    .   a - +2 leather armour
rPois    .         Spirit   .   (no helmet)
rElec    .         Reflect  .   (no cloak)
rCorr    .         Harm     .   j - +0 pair of gloves
MR       .....                  (no boots)
Stlth    ++........             (no amulet)
HPRegen  0.20/turn              (no ring)
MPRegen  0.16/turn              (no ring)

@: no status effects
A: distributed training, fangs 1, strong nose
a: no special abilities


You were on level 5 of the Dungeon.
You were not hungry.

You visited 1 branch of the dungeon, and saw 5 of its levels.

You collected 177 gold pieces.

Inventory:

Hand Weapons
 c - a +0 quarterstaff (weapon)
Armour
 a - a +2 leather armour (worn)
 j - a +0 pair of gloves (worn)
Jewellery
 k - an uncursed ring of protection from fire {unknown}
 m - an uncursed amulet of magic regeneration {unknown}
 p - a cursed +3 ring of dexterity {unknown}
Scrolls
 b - a scroll of teleportation
 g - a scroll of immolation
 h - 2 scrolls of remove curse
 l - a scroll of random uselessness {unknown}
 n - a scroll of amnesia {unknown}
Potions
 e - a potion of agility
 f - a potion of ambrosia
 i - a potion of might {unknown}
 o - a potion of brilliance {unknown}
Comestibles
 d - 12 rations


   Skills:
 + Level 7.0 Fighting
 + Level 2.5 Short Blades
 + Level 2.5 Long Blades
 + Level 2.5 Axes
 + Level 2.5 Maces & Flails
 + Level 2.5 Polearms
 + Level 3.6 Staves
 + Level 2.5 Slings
 + Level 2.5 Bows
 + Level 2.5 Crossbows
 + Level 2.5 Throwing
 + Level 2.5 Armour
 + Level 3.6 Dodging
 + Level 3.4 Stealth
 + Level 3.6 Shields
 + Level 2.5 Unarmed Combat
 + Level 7.6 Spellcasting
 + Level 2.0 Conjurations
 + Level 2.0 Hexes
 + Level 2.0 Charms
 + Level 2.0 Summonings
 + Level 2.0 Necromancy
 + Level 2.0 Translocations
 + Level 2.0 Transmutations
 + Level 2.0 Fire Magic
 + Level 2.0 Ice Magic
 + Level 2.0 Air Magic
 + Level 2.0 Earth Magic
 + Level 2.0 Poison Magic
 + Level 2.7 Invocations
 + Level 2.5 Evocations


You had 21 spell levels left.
You didn't know any spells.

Dungeon Overview and Level Annotations

Branches:
Dungeon (5/15)             Temple (0/1) D:4

Altars:
Gozag
Vehumet

Shops:
D:4 =


Innate Abilities, Weirdness & Mutations

Your experience applies equally to all skills.
You have very sharp teeth.
Your uncanny sense of smell can sniff out nearby items.


Message History

You are too injured to fight recklessly!
Unknown command.
The centaur closely misses you. The centaur closely misses you.
The gnoll hits you but does no damage.
You see here 2 gold pieces.
The centaur zombie closely misses you.
The centaur wields a shortbow.
The centaur shoots an arrow.
The arrow misses you.
The centaur shoots an arrow.
The arrow closely misses you.
The centaur shoots an arrow.
The arrow hits you!
* * * LOW HITPOINT WARNING * * *
You see here 3 arrows.
The centaur shoots an arrow.
The arrow hits you.
* * * LOW HITPOINT WARNING * * *
The centaur zombie hits you.
* * * LOW HITPOINT WARNING * * *
There is a stone staircase leading up here.
You see here an arrow.
The gnoll closely misses you. The centaur zombie hits you.
You die...

#......
#.....#
#.....# ∆
#.....#
#.....#
#.....#
#.....######
#@.........#
#Zg........#
#(.c.......#
#.g........#
#.g.$_.....#
#...$$$....#
#..........#
#..........#
#.....†....#


You could see a centaur, 3 gnolls and a centaur zombie.

Vanquished Creatures
  2 ogres (D:4)
  A scorpion (D:4)
  A howler monkey (D:4)
  An orc priest (D:4)
  An iguana (D:4)
  2 orc wizards
  A worker ant (D:4)
  A hound zombie (D:5)
  A worker ant zombie (D:5)
  3 adders (D:2)
  7 gnolls
  An ooze (D:1)
  2 worms (D:2)
  4 dart slugs
  4 leopard geckos
  11 orcs
  7 bats
  4 giant cockroaches
  6 goblins
  15 hobgoblins
  6 jackals
  A quokka (D:3)
  2 ball pythons (D:2)
  2 frilled lizards
  13 kobolds
  7 rats
106 creatures vanquished.

Notes
Turn   | Place    | Note
-------+----------+-------------------------------------------
     0 | D:1      | manyhoops the Gnoll Wanderer began the quest for the Orb.
     0 | D:1      | manyhoops set off with: a +2 leather armour, a potion of lignification, a +0 quarterstaff, a ration
     0 | D:1      | Reached XP level 1. HP: 23/23 MP: 8/8
   106 | D:1      | Reached XP level 2. HP: 4/29 MP: 10/10
   483 | D:1      | Reached XP level 3. HP: 35/35 MP: 11/11
   751 | D:1      | Reached skill level 1 in Invocations
   943 | D:2      | Reached skill level 1 in Short Blades
   943 | D:2      | Reached skill level 1 in Long Blades
   943 | D:2      | Reached skill level 1 in Axes
   943 | D:2      | Reached skill level 1 in Maces & Flails
   943 | D:2      | Reached skill level 1 in Polearms
   943 | D:2      | Reached skill level 1 in Slings
   943 | D:2      | Reached skill level 1 in Bows
   943 | D:2      | Reached skill level 1 in Crossbows
   943 | D:2      | Reached skill level 1 in Throwing
   943 | D:2      | Reached skill level 1 in Armour
   943 | D:2      | Reached skill level 1 in Unarmed Combat
   943 | D:2      | Reached skill level 1 in Evocations
   943 | D:2      | Reached XP level 4. HP: 41/41 MP: 13/13
  1126 | D:2      | Reached skill level 1 in Conjurations
  1126 | D:2      | Reached skill level 1 in Hexes
  1126 | D:2      | Reached skill level 1 in Charms
  1126 | D:2      | Reached skill level 1 in Summonings
  1126 | D:2      | Reached skill level 1 in Necromancy
  1126 | D:2      | Reached skill level 1 in Translocations
  1126 | D:2      | Reached skill level 1 in Transmutations
  1126 | D:2      | Reached skill level 1 in Fire Magic
  1126 | D:2      | Reached skill level 1 in Ice Magic
  1126 | D:2      | Reached skill level 1 in Air Magic
  1126 | D:2      | Reached skill level 1 in Earth Magic
  1126 | D:2      | Reached skill level 1 in Poison Magic
  1513 | D:2      | Reached XP level 5. HP: 47/47 MP: 14/14
  2878 | D:4      | Reached XP level 6. HP: 42/53 MP: 16/16
  3186 | D:4      | Found Oclyess's Jewellery Emporium.
  3218 | D:4      | Found a staircase to the Ecumenical Temple.
  3408 | D:4      | Reached XP level 7. HP: 38/59 MP: 18/18
  3923 | D:4      | Found a radiant altar of Vehumet.
  4237 | D:5      | Entered Level 5 of the Dungeon
  4237 | D:5      | Found an opulent altar of Gozag.
  4281 | D:5      | HP: 2/60 [centaur zombie (5)]
  4282 | D:5      | Slain by a centaur zombie

Skill      XL: |  1  2  3  4  5  6  7 |
---------------+----------------------+-----
Invocations    | 1 2 |  2.7
Short Blades   | 1 2 |  2.5
Long Blades    | 1 2 |  2.5
Axes           | 1 2 |  2.5
Maces & Flails | 1 2 |  2.5
Polearms       | 1 2 |  2.5
Slings         | 1 2 |  2.5
Bows           | 1 2 |  2.5
Crossbows      | 1 2 |  2.5
Throwing       | 1 2 |  2.5
Armour         | 1 2 |  2.5
Unarmed Combat | 1 2 |  2.5
Evocations     | 1 2 |  2.5
Conjurations   | 1 2 |  2.0
Hexes          | 1 2 |  2.0
Charms         | 1 2 |  2.0
Summonings     | 1 2 |  2.0
Necromancy     | 1 2 |  2.0
Translocations | 1 2 |  2.0
Transmutations | 1 2 |  2.0
Fire Magic     | 1 2 |  2.0
Ice Magic      | 1 2 |  2.0
Air Magic      | 1 2 |  2.0
Earth Magic    | 1 2 |  2.0
Poison Magic   | 1 2 |  2.0
Staves         | 3 |  3.6
Dodging        | 3 |  3.6
Shields        | 3 |  3.6
Stealth        | 3 |  3.4
Fighting       | 7 |  7.0
Spellcasting   | |  7.6

Action                   |  1- 3 |  4- 6 |  7- 9 || total
-------------------------+-------+-------+-------++-------
Melee: Quarterstaff      |   107 |   199 |    50 ||   356
       Bite              |     3 |    19 |     8 ||    30
  Use: Potion            |       |     6 |     1 ||     7
       Scroll            |       |     4 |     1 ||     5
 Stab: Sleeping          |     5 |     7 |       ||    12
       Distracted        |       |     1 |       ||     1
  Eat: Chunk             |       |     8 |     1 ||     9
       Ration            |       |       |     1 ||     1
Armor: Leather armour    |    42 |    48 |    16 ||   106
       Skin              |       |     4 |       ||     4
Dodge: Dodged            |    71 |   132 |    38 ||   241
